 Dungeon Crawl Stone Soup version 0.29.1-15-g9cfb28693d (webtiles) character file.

Game seed: 610677365527392253

26 Silvore the Slasher (level 2, -3/19 HPs)
             Began as a Demonspawn Gladiator on May 1, 2023.
             Slain by monsoonserge's ghost (7 damage)
             ... on level 3 of the Dungeon.
             The game lasted 00:02:44 (2584 turns).

Silvore the Slasher (Demonspawn Gladiator)          Turns: 2584, Time: 00:02:45

Health: -3/19      AC:  3    Str: 14    XL:     2   Next: 89%
Magic:  2/2        EV: 12    Int:  9    God:
Gold:   71         SH:  0    Dex: 14    Spells: 1/1 levels left

rFire   . . .      SeeInvis .   a - +0 long sword (venom)
rCold   . . .      Faith    .   (no shield)
rNeg    . . .      Spirit   .   b - +0 leather armour
rPois   .          Reflect  .   (helmet restricted)
rElec   .          Harm     .   (no cloak)
rCorr   .          Rampage  .   (no gloves)
Will    .....                   (no boots)
Stlth   +.........              (no amulet)
HPRegen 0.06/turn               (no ring)
MPRegen 0.08/turn               (no ring)

@: invisible
A: reduced essence, horns 1
a: no special abilities


You were on level 3 of the Dungeon.
You visited 1 branch of the dungeon, and saw 3 of its levels.

You collected 71 gold pieces.

Inventory:

Hand Weapons
 a - a +0 long sword of venom (weapon)
Missiles
 d - 4 throwing nets (quivered)
 e - a javelin
Armour
 b - a +0 leather armour (worn)
 c - a +0 helmet
Scrolls
 m - a scroll of teleportation
Potions
 f - a potion of flight
 h - a potion of might {unknown}
 k - a potion of heal wounds {unknown}


   Skills:
 + Level 2.2 Fighting
 + Level 3.2 Long Blades
 + Level 1.8 Throwing
 + Level 0.1 Armour
 + Level 3.1 Dodging


You had one spell level left.
You didn't know any spells.
Your spell library was empty.

Dungeon Overview and Level Annotations

Branches:
Dungeon (3/15)

Altars:
Hepliaklqana

Shops:
D:1 !   D:2 *

Annotations:
D:3 monsoonserge's ghost, weakling NaDe


Innate Abilities, Weirdness & Mutations

Your life essence is reduced to manifest your ancestor. (-10% HP)
You have a pair of small horns on your head.


Message History

You slash the endoplasm!
You kill the endoplasm!
The goblin closely misses you. The goblin barely misses you.
The goblin closely misses you.
You hit the goblin.
The goblin is poisoned.
The goblin is severely wounded.
You kill the goblin!
You see here a +0 dagger.
Found 10 gold pieces.
Found a runed translucent door.
Found a whip, a scale mail and a scroll of immolation.
Monsoonserge's ghost turns its malevolent gaze towards you.
You hear a howl!
You open the door. You closely miss monsoonserge's ghost.
You headbutt monsoonserge's ghost.
Monsoonserge's ghost is lightly damaged.
A howler monkey comes into view.
Monsoonserge's ghost misses you.
You barely miss monsoonserge's ghost.
Monsoonserge's ghost is lightly damaged.
The howler monkey howls!
Monsoonserge's ghost barely misses you.
You closely miss monsoonserge's ghost.
Monsoonserge's ghost is lightly damaged.
Monsoonserge's ghost hits you!
Ouch! That really hurt!
* * * LOW HITPOINT WARNING * * *
You barely miss monsoonserge's ghost. You headbutt monsoonserge's ghost.
Monsoonserge's ghost is moderately damaged.
Monsoonserge's ghost closely misses you.
Monsoonserge's ghost hits you.
* * * LOW HITPOINT WARNING * * *
You slash monsoonserge's ghost! You headbutt monsoonserge's ghost.
Monsoonserge's ghost is severely damaged.
Monsoonserge's ghost barely misses you.
You fade into invisibility!
Monsoonserge's ghost barely misses you.
You slash monsoonserge's ghost!
Monsoonserge's ghost is almost destroyed.
Monsoonserge's ghost hits you!
You die...

#####+#####
#.........#
#..@......#
#..W......#
##h##.....#
#§§§#.)...#
#§§§#†..).#
#†#####
##.# #.
#..# #.#
#.##


You could see a howler monkey (unable to see you) and monsoonserge's ghost.

Vanquished Creatures
  An adder (D:2)
  4 dart slugs
  3 endoplasms
  2 giant cockroaches
  4 goblins
  4 hobgoblins
  4 quokkas
  5 ball pythons
  7 bats
  A frilled lizard (D:2)
  7 rats
42 creatures vanquished.

Notes
Turn   | Place    | Note
-------+----------+-------------------------------------------
     0 | D:1      | Silvore the Demonspawn Gladiator began the quest for the
                  | Orb.
     0 | D:1      | Reached XP level 1. HP: 16/16 MP: 1/1
   272 | D:1      | Gained mutation: You have a pair of small horns on your
                  | head. [demonic ancestry]
   272 | D:1      | Reached XP level 2. HP: 14/22 MP: 2/2
   916 | D:1      | Found Mutijig's Distillery.
  1181 | D:1      | Found a faded altar of an unknown god.
  1197 | D:1      | Prayed at the altar of an unknown god.
  1197 | D:1      | Became a worshipper of Hepliaklqana the Forgotten
  1197 | D:1      | Reached * piety under Hepliaklqana
  1198 | D:1      | Fell from the grace of Hepliaklqana
  2049 | D:2      | Found a hazy altar of Hepliaklqana.
  2109 | D:2      | Found Xicroerph's General Store.
  2572 | D:3      | Found a runed translucent door.
  2573 | D:3      | Noticed monsoonserge's ghost (weakling NaDe)
  2577 | D:3      | Noticed a howler monkey
  2584 | D:3      | Slain by monsoonserge's ghost

Illustrated notes

Levels and vault maps discovered:
D:1:      scummos_arrival_gate, layout_rooms, serial_shops, shop,
          hellmonk_ecumenical_altar_heavens_door, chequers_serial_rivers_micro_e
D:2:      layout_basic, basic_altar, serial_shops, nicolae_shop_hallway_plus,
          st_stairs_7
D:3:      layout_basic, ebering_ghost_inner_flame

Skill      XL: |  1  2 |
---------------+-------+-----
Dodging        | 3 |  3.1
Long Blades    | 3 |  3.2
Fighting       | |  2.2
Throwing       | |  1.8
Armour         | |  0.1

Action                   || total
-------------------------++-------
Melee: Long sword        ||   111
       Headbutt          ||    13
       Punch             ||     1
Invok: Renounce Religion ||     1
  Use: Scroll            ||     8
       Potion            ||     3
Armor: Leather armour    ||    37
Dodge: Dodged            ||    83
